BLB
DENVER BULLS @ NEW YORK CYCLONES
08/22/2059
 
TOP OF THE 1ST
Denver Bulls batting - Pitching for New York Cyclones : RHP Oscar Dudzik
Pitching: RHP Oscar Dudzik
Batting: LHB Johnathan Wang 0-0: Ball
1-0: Foul Ball, location: 2F
1-1: Called Strike
1-2: Ground out 1-3 (Groundball, 13, EV 73.1 MPH)
Batting: RHB Dalton Brown 0-0: Ball
1-0: Called Strike
1-1: Swinging Strike
1-2: Ball
2-2: Foul Ball, location: 2F
2-2: Strikes out swinging
Batting: SHB J.J. Evans 0-0: Foul Ball, location: 2F
0-1: Ball
1-1: Ground out 6-3 (Groundball, 6M, EV 106.9 MPH)
Top of the 1st over - 0 runs, 0 hits, 0 errors, 0 left on base; Denver 0 - New York 0
BOTTOM OF THE 1ST
New York Cyclones batting - Pitching for Denver Bulls : RHP Jovan Burrow
Pitching: RHP Jovan Burrow
Batting: LHB Tariq Alston 0-0: Ball
1-0: Called Strike
1-1: Foul Ball, location: 2F
1-2: Foul Ball, location: 2F
1-2: SOLO HOME RUN (Line Drive, 89XD, EV 103.8 MPH), Distance : 389 ft
Batting: RHB Kaniel Martinez 0-0: Called Strike
0-1: Foul Ball, location: 2F
0-2: Ground out 6-3 (Groundball, 6, EV 87.5 MPH)
Batting: RHB Jarrett Evans 0-0: Ball
1-0: SOLO HOME RUN (Flyball, 78XD, EV 108.8 MPH), Distance : 419 ft
Batting: LHB Jim Mjima 0-0: Fly out, F8 (Flyball, 8LD, EV 106.2 MPH)
Batting: LHB Jared Rosewall 0-0: Called Strike
0-1: Ball
1-1: Foul Ball, location: 2F
1-2: Ball
2-2: Foul Ball, location: 2F
2-2: Ball
3-2: DOUBLE (Line Drive, 78M, EV 89.4 MPH)
Batting: RHB Alexander Charter 0-0: Called Strike
0-1: Swinging Strike
0-2: SINGLE (Line Drive, 56D, EV 96.9 MPH)
Jared Rosewall to third
Runner from 3rd tries for Home, SAFE, throw by LF to home
Batting: RHB Rob Detling 0-0: Swinging Strike
0-1: Foul Ball, location: 2F
0-2: DOUBLE (Groundball, 5L, EV 96.2 MPH)
Alexander Charter to third
Runner from 3rd tries for Home, SAFE, throw by LF to trailing runner, SAFE at third!
Batting: LHB Melchior Werth 0-0: Ball
1-0: Foul Ball, location: 2F
1-1: Ground out 4-3 (Groundball, 4MD, EV 78.8 MPH)
Bottom of the 1st over - 4 runs, 5 hits, 0 errors, 1 left on base; Denver 0 - New York 4
TOP OF THE 2ND
Denver Bulls batting - Pitching for New York Cyclones : RHP Oscar Dudzik
Batting: LHB Michael Hughes 0-0: Foul Ball, location: 2F
0-1: Called Strike
0-2: Foul Ball, location: 2F
0-2: Strikes out swinging
Batting: RHB James Wilson 0-0: Called Strike
0-1: TRIPLE (Flyball, 8LXD, EV 95.6 MPH)
Batting: LHB Wil Murillo 0-0: Called Strike
0-1: Swinging Strike
0-2: Ball
1-2: Ball
2-2: Foul Ball, location: 2F
2-2: Strikes out swinging
Batting: SHB T.J. Carter 0-0: Ball
1-0: Ball
2-0: Ball
3-0: Called Strike
3-1: Foul Ball, location: 2F
3-2: Strikes out swinging, 2-3 out at first.
Top of the 2nd over - 0 runs, 1 hit, 0 errors, 1 left on base; Denver 0 - New York 4
BOTTOM OF THE 2ND
New York Cyclones batting - Pitching for Denver Bulls : RHP Jovan Burrow
Batting: RHB Devon Richardson 0-0: Ball
1-0: SINGLE (Groundball, 34S, EV 73.1 MPH) (infield hit)
Batting: LHB Tariq Alston 0-0: Foul Ball, location: 2F
0-1: Ball
1-1: Ball
2-1: Fly out, F7 (Flyball, 7, EV 91.2 MPH)
Batting: RHB Kaniel Martinez 0-0: Called Strike
0-1: Fly out, F9 (Flyball, 9S, EV 90.0 MPH)
Batting: RHB Jarrett Evans 0-0: Ball
1-0: Ball
2-0: Foul Ball, location: 2F
2-1: Foul Ball, location: 2F
2-2: Fly out, F7 (Flyball, 7, EV 90.0 MPH)
Bottom of the 2nd over - 0 runs, 1 hit, 0 errors, 1 left on base; Denver 0 - New York 4
TOP OF THE 3RD
Denver Bulls batting - Pitching for New York Cyclones : RHP Oscar Dudzik
Batting: RHB Bert Thoma 0-0: Ground out 4-3 (Groundball, 4M, EV 82.5 MPH)
Batting: SHB Sage Reinisch 0-0: Called Strike
0-1: Swinging Strike
0-2: Ball
1-2: Strikes out swinging
Batting: LHB Johnathan Wang 0-0: Reached on error, E3 (Groundball, 34S, EV 91.9 MPH)
Batting: RHB Dalton Brown 0-0: Ground out 4-3 (Groundball, 34, EV 81.9 MPH)
Top of the 3rd over - 0 runs, 0 hits, 1 error, 1 left on base; Denver 0 - New York 4
BOTTOM OF THE 3RD
New York Cyclones batting - Pitching for Denver Bulls : RHP Jovan Burrow
Batting: LHB Jim Mjima 0-0: Ball
1-0: Ground out 4-3 (Groundball, 34D, EV 105.6 MPH)
Batting: LHB Jared Rosewall 0-0: Ball
1-0: Ball
2-0: Called Strike
2-1: Ball
3-1: Foul Ball, location: 2F
3-2: Foul Ball, location: 2F
3-2: Foul Ball, location: 2F
3-2: Base on Balls
Batting: RHB Alexander Charter 0-0: SINGLE (Groundball, 56D, EV 106.2 MPH)
Jared Rosewall to second
Batting: RHB Rob Detling 0-0: Ball
1-0: Ball
2-0: Ball
3-0: Called Strike
3-1: Swinging Strike
3-2: Strikes out swinging
Batting: LHB Melchior Werth 0-0: Ball
1-0: Called Strike
1-1: Ball
2-1: Swinging Strike
2-2: Strikes out swinging
Bottom of the 3rd over - 0 runs, 1 hit, 0 errors, 2 left on base; Denver 0 - New York 4
TOP OF THE 4TH
Denver Bulls batting - Pitching for New York Cyclones : RHP Oscar Dudzik
Batting: SHB J.J. Evans 0-0: Ball
1-0: Fly out, F8 (Flyball, 8LXD, EV 91.2 MPH)
Batting: LHB Michael Hughes 0-0: Ball
1-0: Foul Ball, location: 2F
1-1: Called Strike
1-2: Ball
2-2: Strikes out looking
Batting: RHB James Wilson 0-0: Ball
1-0: Ball
2-0: Ground out 6-3 (Groundball, 6, EV 85.0 MPH)
Top of the 4th over - 0 runs, 0 hits, 0 errors, 0 left on base; Denver 0 - New York 4
BOTTOM OF THE 4TH
New York Cyclones batting - Pitching for Denver Bulls : RHP Jovan Burrow
Batting: RHB Devon Richardson 0-0: SINGLE (Line Drive, 3D, EV 99.4 MPH)
Batting: LHB Tariq Alston 0-0: Ball
1-0: Called Strike
1-1: Ball
2-1: Swinging Strike
2-2: Foul Ball, location: 2F
2-2: Foul Ball, location: 2F
2-2: Foul Ball, location: 2F
2-2: Ball
3-2: Strikes out looking
Batting: RHB Kaniel Martinez 0-0: Ball
1-0: Called Strike
1-1: Ball
2-1: Ball
3-1: Called Strike
3-2: Base on Balls
Devon Richardson to second
Batting: RHB Jarrett Evans 0-0: Called Strike
0-1: Foul Ball, location: 2F
0-2: Ball
1-2: Foul Ball, location: 2F
1-2: Strikes out swinging
Batting: LHB Jim Mjima 0-0: Ball
1-0: Foul Ball, location: 2F
1-1: Ball
2-1: Ground out U3 (Groundball, 3, EV 81.2 MPH)
Bottom of the 4th over - 0 runs, 1 hit, 0 errors, 2 left on base; Denver 0 - New York 4
TOP OF THE 5TH
Denver Bulls batting - Pitching for New York Cyclones : RHP Oscar Dudzik
Batting: LHB Wil Murillo 0-0: Ball
1-0: Foul Ball, location: 2F
1-1: Swinging Strike
1-2: Strikes out swinging
Batting: SHB T.J. Carter 0-0: Foul Ball, location: 2F
0-1: Ball
1-1: Foul Ball, location: 2F
1-2: Foul Ball, location: 2F
1-2: Strikes out looking
Batting: RHB Bert Thoma 0-0: Foul Ball, location: 2F
0-1: Swinging Strike
0-2: Ball
1-2: Ground out 6-3 (Groundball, 6, EV 90.6 MPH)
Top of the 5th over - 0 runs, 0 hits, 0 errors, 0 left on base; Denver 0 - New York 4
BOTTOM OF THE 5TH
New York Cyclones batting - Pitching for Denver Bulls : RHP Jovan Burrow
Batting: LHB Jared Rosewall 0-0: Swinging Strike
0-1: Called Strike
0-2: Ball
1-2: Fly out, F9 (Flyball, 9D, EV 106.2 MPH)
Pitching: LHP Harvey Owens
Batting: RHB Alexander Charter 0-0: Ball
1-0: Called Strike
1-1: Ball
2-1: Foul Ball, location: 2F
2-2: Foul Ball, location: 2F
2-2: Fly out, F9 (Flyball, 9, EV 93.8 MPH)
Batting: RHB Rob Detling 0-0: Ball
1-0: Ground out 4-3 (Groundball, 4D, EV 100.6 MPH)
Bottom of the 5th over - 0 runs, 0 hits, 0 errors, 0 left on base; Denver 0 - New York 4
TOP OF THE 6TH
Denver Bulls batting - Pitching for New York Cyclones : RHP Oscar Dudzik
Batting: SHB Sage Reinisch 0-0: Ball
1-0: Ground out 6-3 (Groundball, 6, EV 101.9 MPH)
Batting: LHB Johnathan Wang 0-0: Called Strike
0-1: Foul Ball, location: 2F
0-2: Ball
1-2: Ball
2-2: Foul Ball, location: 2F
2-2: Foul Ball, location: 2F
2-2: SINGLE (Line Drive, 9S, EV 106.9 MPH)
Batting: RHB Dalton Brown 0-0: Called Strike
0-1: Called Strike
0-2: Foul Ball, location: 2F
0-2: Strikes out looking
Batting: SHB J.J. Evans 0-0: Ball
1-0: Ball
2-0: Foul Ball, location: 2F
2-1: SINGLE (Groundball, 6MD, EV 107.5 MPH)
Johnathan Wang to second
Runner from 2nd tries for 3rd, SAFE, throw by CF made to third
Batting: LHB Michael Hughes 0-0: Fielders Choice at 2nd, U4 (Groundball, 4M, EV 111.2 MPH)
Top of the 6th over - 0 runs, 2 hits, 0 errors, 2 left on base; Denver 0 - New York 4
BOTTOM OF THE 6TH
New York Cyclones batting - Pitching for Denver Bulls : LHP Harvey Owens
Batting: LHB Melchior Werth 0-0: Called Strike
0-1: Ball
1-1: Ball
2-1: Ball
3-1: Base on Balls
Batting: RHB Devon Richardson 0-0: SINGLE (Groundball, 34D, EV 109.4 MPH)
Melchior Werth to second
Runner from 2nd tries for 3rd, SAFE, throw by RF made to third
Batting: LHB Tariq Alston 0-0: Grounds out, U3 (Groundball, 3L, EV 92.5 MPH)
Melchior Werth scores
Batting: RHB Kaniel Martinez 0-0: Swinging Strike
0-1: Foul Ball, location: 2F
0-2: Ball
1-2: Ball
2-2: Foul Ball, location: 2F
2-2: Foul Ball, location: 2F
2-2: Ball
3-2: Foul Ball, location: 2F
3-2: Fly out, F9 (Flyball, 9, EV 80.6 MPH)
Batting: RHB Jarrett Evans 0-0: Called Strike
0-1: Called Strike
0-2: Ball
1-2: Ball
Wild Pitch!
Devon Richardson to third
2-2: Foul Ball, location: 2F
2-2: Strikes out looking
Bottom of the 6th over - 1 run, 1 hit, 0 errors, 1 left on base; Denver 0 - New York 5
TOP OF THE 7TH
Denver Bulls batting - Pitching for New York Cyclones : RHP Oscar Dudzik
Batting: RHB James Wilson 0-0: Ball
1-0: Fly out, F8 (Flyball, 8RXD, EV 93.8 MPH)
Batting: LHB Wil Murillo 0-0: Swinging Strike
0-1: Swinging Strike
0-2: Foul Ball, location: 2F
0-2: Ball
1-2: Strikes out swinging
Batting: SHB T.J. Carter 0-0: Ball
1-0: Ball
2-0: Ball
3-0: Called Strike
3-1: Swinging Strike
3-2: Strikes out swinging
Top of the 7th over - 0 runs, 0 hits, 0 errors, 0 left on base; Denver 0 - New York 5
BOTTOM OF THE 7TH
New York Cyclones batting - Pitching for Denver Bulls : LHP Harvey Owens
Batting: LHB Jim Mjima 0-0: Ball
1-0: Foul Ball, location: 2F
1-1: Ground out U3 (Groundball, 3S, EV 71.9 MPH)
Batting: LHB Jared Rosewall 0-0: Ball
1-0: Called Strike
1-1: Ball
2-1: Ball
3-1: Called Strike
3-2: Foul Ball, location: 2F
3-2: Base on Balls
Pitching: RHP Tristan O'Neal
Batting: RHB Alexander Charter 0-0: Grounds into double play, U6-3 (Groundball, 4MD, EV 96.2 MPH)
Bottom of the 7th over - 0 runs, 0 hits, 0 errors, 0 left on base; Denver 0 - New York 5
TOP OF THE 8TH
Denver Bulls batting - Pitching for New York Cyclones : RHP Oscar Dudzik
Batting: RHB Bert Thoma 0-0: Called Strike
0-1: Ball
1-1: Foul Ball, location: 2F
1-2: Strikes out swinging
Batting: SHB Sage Reinisch 0-0: Called Strike
0-1: Foul Ball, location: 2F
0-2: Ball
1-2: Strikes out swinging
Batting: LHB Johnathan Wang 0-0: SINGLE (Flyball, 78S, EV 91.2 MPH)
Batting: RHB Dalton Brown 0-0: Ball
1-0: Ball
2-0: Ball
3-0: Base on Balls
Johnathan Wang to second
Batting: SHB J.J. Evans 0-0: Ball
1-0: Foul Ball, location: 2F
1-1: Called Strike
1-2: Foul Ball, location: 2F
1-2: SINGLE (Groundball, 4MD, EV 101.2 MPH)
Johnathan Wang to third
Dalton Brown to second
Runner from 3rd tries for Home, SAFE, throw by CF to home
Pitching: RHP Brian Collins
Batting: LHB Michael Hughes 0-0: Called Strike
0-1: Ball
Wild Pitch!
Dalton Brown to third
J.J. Evans to second
1-1: Ball
Wild Pitch!
Dalton Brown scores
J.J. Evans to third
2-1: Ball
3-1: Foul Ball, location: 2F
3-2: 2-RUN HOME RUN (Flyball, 9LD, EV 96.2 MPH), Distance : 362 ft
Batting: RHB James Wilson 0-0: Ball
1-0: Called Strike
1-1: Called Strike
1-2: Foul Ball, location: 2F
1-2: Foul Ball, location: 2F
1-2: SINGLE (Line Drive, 7S, EV 112.5 MPH)
Batting: LHB Wil Murillo 0-0: Ball
1-0: Foul Ball, location: 2F
1-1: Ball
2-1: SINGLE (Groundball, 56S, EV 80.0 MPH) (infield hit)
James Wilson to second
Batting: SHB T.J. Carter 0-0: Ball
1-0: Swinging Strike
1-1: Ball
2-1: Ball
3-1: Foul Ball, location: 2F
3-2: Foul Ball, location: 2F
3-2: Foul Ball, location: 2F
3-2: Strikes out looking
Top of the 8th over - 4 runs, 5 hits, 0 errors, 2 left on base; Denver 4 - New York 5
BOTTOM OF THE 8TH
New York Cyclones batting - Pitching for Denver Bulls : RHP Tristan O'Neal
Batting: RHB Rob Detling 0-0: Ball
1-0: Ball
2-0: Ground out 5-3 (Groundball, 56, EV 103.8 MPH)
Batting: LHB Melchior Werth 0-0: Ball
1-0: Ball
2-0: Ground out 5-3 (Groundball, 56S, EV 83.1 MPH)
Batting: RHB Devon Richardson 0-0: SINGLE (Groundball, 6MD, EV 95.6 MPH)
Batting: LHB Tariq Alston 0-0: Swinging Strike
0-1: Ball
1-1: Ball
2-1: Foul Ball, location: 2F
2-2: Foul Ball, location: 2F
2-2: Ball
3-2: Base on Balls
Devon Richardson to second
Batting: RHB Kaniel Martinez 0-0: Foul Ball, location: 2F
0-1: Ball
1-1: SINGLE (Line Drive, 8RS, EV 98.8 MPH)
Devon Richardson to third
Tariq Alston to second
Runner from 3rd tries for Home, SAFE, throw by CF to home
Batting: RHB Jarrett Evans 0-0: Ball
1-0: Ball
2-0: Ball
3-0: Called Strike
3-1: Foul Ball, location: 2F
3-2: Foul Ball, location: 2F
3-2: Base on Balls
Tariq Alston to third
Kaniel Martinez to second
Batting: LHB Jim Mjima 0-0: DOUBLE (Flyball, 78XD, EV 102.5 MPH)
Tariq Alston scores
Kaniel Martinez scores
Jarrett Evans to third
Runner from 3rd tries for Home, SAFE, no throw by CF
Pitching: RHP Devin White
Batting: LHB Jared Rosewall 0-0: Called Strike
0-1: Swinging Strike
0-2: Ball
1-2: Fly out, F7 (Flyball, 7, EV 77.5 MPH)
Bottom of the 8th over - 4 runs, 3 hits, 0 errors, 1 left on base; Denver 4 - New York 9
TOP OF THE 9TH
Denver Bulls batting - Pitching for New York Cyclones : RHP Brian Collins
Batting: RHB Bert Thoma 0-0: Called Strike
0-1: Foul Ball, location: 2F
0-2: Ball
1-2: Fly out, F9 (Line Drive, 89M, EV 96.2 MPH)
Batting: SHB Sage Reinisch 0-0: Swinging Strike
0-1: Foul Ball, location: 2F
0-2: Ball
1-2: Strikes out swinging
Batting: LHB Johnathan Wang 0-0: Fly out, F7 (Flyball, 7LS, EV 91.9 MPH)
Top of the 9th over - 0 runs, 0 hits, 0 errors, 0 left on base; Denver 4 - New York 9
Monday, March 25th , 2024 - OOTP Baseball 23.10 Build 110